 Dungeon Crawl Stone Soup version 0.18.1-1-g2f07953 (webtiles) character file.

100 kspaans the Gusty (level 4, 0/33 HPs)
             Began as a Draconian Air Elementalist on May 16, 2016.
             Slain by plsesad's ghost (8 damage)
             ... on level 3 of the Dungeon.
             The game lasted 00:24:36 (3114 turns).

kspaans the Gusty (Draconian Air Elementalist)      Turns: 3114, Time: 00:24:37

Health: 0/33       AC: 10    Str: 10    XL:     4   Next: 47%
Magic:  4/8        EV: 12    Int: 17    God:
Gold:   139        SH:  0    Dex: 11    Spells: 2 memorised, 5 levels left

rFire  . . .     SeeInvis .     i - +0 mace
rCold  . . .     Gourm    .     (armour unavailable)
rNeg   . . .     Faith    .     (no shield)
rPois  .         Spirit   .     (helmet restricted)
rElec  .         Dismiss  .     f - +0 cloak
rCorr  .         Reflect  .     s - +0 pair of gloves
SustAt .         Harm     .     n - +2 pair of boots
MR     .....                    (no amulet)
Stlth  +++.......               (no ring)
                                m - ring of stealth

@: not resistant to hostile enchantments, fairly stealthy
A: unfitting armour, cold-blooded, AC +5
a: no special abilities


You were on level 3 of the Dungeon.
You were not hungry.

You visited 1 branch of the dungeon, and saw 5 of its levels.

You collected 139 gold pieces.

Inventory:

Hand Weapons
 c - a +0 club
 d - a +0 whip
 i - a +0 mace (weapon)
 r - a +0 short sword
 z - a +0 hunting sling
Missiles
 g - 7 tomahawks (quivered)
 k - 125 stones
 q - 50 bolts
 C - 11 poisoned needles
Armour
 f - a +0 cloak (worn)
 n - a +2 pair of boots (worn)
 s - a +0 pair of gloves (worn)
 D - a +0 pair of boots
Jewellery
 m - a ring of stealth (left hand)
Scrolls
 e - a scroll of immolation {unknown}
 j - 2 scrolls of identify
 v - 2 scrolls of remove curse
 y - 2 scrolls of teleportation {unknown}
Potions
 h - a potion of ambrosia {unknown}
 l - 2 potions of cure mutation
 o - a potion of invisibility {unknown}
 t - a potion of degeneration {unknown}
 u - 4 potions of curing {unknown}
 w - a potion of berserk rage {unknown}
 A - a potion of heal wounds
 B - a potion of lignification {unknown}
 E - a potion of might {unknown}
Books
 a - a book of Air

   Spells                             Type                      Level
   a - Shock                          Conjuration/Air              1
   b - Swiftness                      Charms/Air                   2
   c - Repel Missiles                 Charms/Air                   2
   d - Static Discharge               Conjuration/Air              3
   e - Lightning Bolt                 Conjuration/Air              5
Comestibles
 b - 3 bread rations
 p - 3 fruits


   Skills:
 + Level 0.2 Maces & Flails
 * Level 0.3 Throwing
 + Level 1.9 Dodging
 * Level 2.1 Stealth
 * Level 2.9 Spellcasting
 * Level 1.9 Conjurations
 * Level 4.0 Air Magic


You had 5 spell levels left.
You knew the following spells:

 Your Spells              Type           Power        Failure   Level  Hunger
a - Shock                 Conj/Air       ##..         6%          1    #......
b - Swiftness             Chrm/Air       #.......     14%         2    ##.....


Dungeon Overview and Level Annotations

Branches:
Dungeon (5/15)
 Temple: D:4-7

Altars:

Annotations:
D:3 1 exclusion, Grinder; Jessica; Terence; plsesad's ghost, amateur TrMo
D:5 Edmund


Innate Abilities, Weirdness & Mutations

Your plain brown scales are hard (AC +5).
Your body does not fit into most forms of armour.
You are cold-blooded and may be slowed by cold attacks.


Message History

Confirm with . or Enter, or press ? or * to list all spells.
Aiming: Shock
Press: ? - help, Shift-Dir - straight line, f/p - plsesad's ghost
Aim: plsesad's ghost (lightly damaged)
The zap hits plsesad's ghost.
Plsesad's ghost appears unharmed.
Plsesad's ghost is lightly damaged.
The zap hits plsesad's ghost.
Plsesad's ghost is lightly damaged.
You feel sluggish. Plsesad's ghost hits you!
You start to feel a little faster.
Plsesad's ghost hits you but does no damage.
Plsesad's ghost barely misses you.
You no longer feel sluggish.
Plsesad's ghost hits you!
* * * LOW HITPOINT WARNING * * *
You hit plsesad's ghost but do no damage.
Plsesad's ghost is lightly damaged.
Plsesad's ghost hits you!
You die...

### #<# #.# #.# #.#
###'## #....# #..@.#
###########@ #..W.#
#.........+. #....#
#.#########.
#....####.#
#.........##########
#.#'####............
#.#.# #...########.
#.#)####...##...W.5.
#.#........##.#####.


You could see plsesad's ghost.

Vanquished Creatures
  A worker ant (D:3)
  An adder (D:2)
  2 oozes (D:3)
  A worm (D:2)
  2 dart slugs (D:1)
  3 giant geckos
  7 goblins
  7 hobgoblins
  2 jackals (D:3)
  A quokka (D:2)
  A ball python (D:3)
  6 bats
  2 giant newts (D:2)
  7 kobolds
  6 rats
49 creatures vanquished.

Notes
Turn   | Place    | Note
--------------------------------------------------------------
     0 | D:1      | kspaans the Draconian Air Elementalist began the quest for the Orb.
     0 | D:1      | Reached XP level 1. HP: 14/14 MP: 3/3
   345 | D:1      | Reached XP level 2. HP: 20/20 MP: 1/5
  1198 | D:2      | Reached XP level 3. HP: 26/26 MP: 1/6
  1461 | D:2      | Learned a level 2 spell: Swiftness
  2385 | D:3      | Noticed Jessica
  2385 | D:3      | Noticed Terence
  2600 | D:3      | Noticed Grinder
  2606 | D:3      | Reached XP level 4. HP: 29/33 MP: 1/8
  2702 | D:3      | Noticed plsesad's ghost (amateur TrMo)
  2914 | D:5      | Entered Level 5 of the Dungeon
  2914 | D:5      | Noticed Edmund
  3065 | D:3      | Reached skill level 4 in Air Magic
  3114 | D:3      | Slain by plsesad's ghost

Skill      XL: |  1  2  3  4 |
---------------+-------------+-----
Stealth        | 2 |  2.1
Air Magic      | 4 |  4.0
Maces & Flails | |  0.2
Throwing       | |  0.3
Dodging        | |  1.9
Spellcasting   | |  2.9
Conjurations   | |  1.9

Action                   |  1- 3 |  4- 6 || total
-------------------------+-------+-------++-------
Melee: Unarmed           |     6 |       ||     6
       Club              |     4 |       ||     4
       Whip              |     2 |       ||     2
       Tailslap          |     4 |       ||     4
       Mace              |    14 |     3 ||    17
Throw: Tomahawk          |     6 |       ||     6
 Cast: Shock             |    85 |    18 ||   103
       Swiftness         |     2 |     2 ||     4
  Use: Potion            |     2 |       ||     2
       Scroll            |     2 |       ||     2
  Eat: Chunk             |     5 |     2 ||     7
       Fruit             |     2 |       ||     2
Armor: Skin              |    14 |     5 ||    19
Dodge: Dodged            |    27 |    11 ||    38
